 Dungeon Crawl Stone Soup version 0.19.1 (webtiles) character file.

29 ImaNewbie the Magician (level 3, -2/21 HPs)
             Began as a High Elf Wizard on Dec 25, 2016.
             Slain by an adder (5 damage)
             ... on level 3 of the Dungeon.
             The game lasted 00:04:33 (2182 turns).

ImaNewbie the Magician (High Elf Wizard)            Turns: 2182, Time: 00:04:34

Health: -2/21      AC:  4    Str: 11    XL:     3   Next: 1%
Magic:  4/9        EV: 12    Int: 23    God:
Gold:   74         SH:  0    Dex: 13    Spells: 2 memorised, 6 levels left

rFire  . . .     SeeInvis .     g - +0 whip (drain)
rCold  . . .     Gourm    .     a - +0 robe
rNeg   . . .     Faith    .     (no shield)
rPois  .         Spirit   .     w - +0 helmet
rElec  .         Reflect  .     (no cloak)
rCorr  .         Harm     .     (no gloves)
MR     .....                    h - +0 pair of boots
Stlth  ++........               (no amulet)
                                (no ring)
                                (no ring)

@: mighty
A: no striking features
a: no special abilities


You were on level 3 of the Dungeon.
You were hungry.

You visited 1 branch of the dungeon, and saw 3 of its levels.

You collected 74 gold pieces.

Inventory:

Hand Weapons
 g - a +0 whip of draining (weapon)
Missiles
 p - 5 poisoned needles
 t - 4 needles of sleeping
Armour
 a - a +0 robe (worn)
 b - a +0 hat
 h - a +0 pair of boots (worn)
 w - a +0 helmet (worn)
Scrolls
 e - 2 scrolls of teleportation {unknown}
 f - a scroll of enchant armour {unknown}
 j - a scroll of enchant weapon {unknown}
 l - 3 scrolls of identify {unknown}
 u - a scroll of blinking {unknown}
Potions
 i - a potion of might
 m - a potion of ambrosia {unknown}
 n - a potion of haste {unknown}
 o - a potion of brilliance {unknown}
 q - a potion of curing {unknown}
 s - a potion of cure mutation {unknown}
Books
 c - a book of Minor Magic

   Spells                             Type                      Level
   a - Magic Dart                     Conjuration                  1
   b - Blink                          Translocation                2
   c - Call Imp                       Summoning                    2
   d - Repel Missiles                 Charms/Air                   2
   e - Slow                           Hexes                        2
   f - Conjure Flame                  Conjuration/Fire             3
   g - Mephitic Cloud                 Conjuration/Poison/Air       3
Comestibles
 d - a bread ration
 k - 2 beef jerkies
 r - 2 meat rations
 v - a slice of pizza


   Skills:
 - Level 2.1 Dodging
 - Level 2.1 Stealth
 - Level 3.6 Spellcasting
 + Level 3.2 Conjurations
 - Level 0.8 Summonings
   Level 1.1 Translocations


You had 6 spell levels left.
You knew the following spells:

 Your Spells              Type           Power        Failure   Level  Hunger
a - Magic Dart            Conj           ###.         2%          1    None
b - Call Imp              Summ           #.......     14%         2    #......


Dungeon Overview and Level Annotations

Branches:
Dungeon (3/15)

Altars:
Fedhas
Gozag


Message History

You hit the goblin.
You kill the goblin!
You have reached level 3!
Your experience leads to an increase in your attributes!
Increase (S)trength, (I)ntelligence, or (D)exterity?
You feel clever. x2
The orc hits you but does no damage.
You see here a dagger.
An orc comes into view. It is wielding a hand axe.
The orc shouts!
The orc hits you with a dagger!
* * * LOW HITPOINT WARNING * * *
An adder comes into view.
The adder hisses angrily.
Okay, then.
It was a potion of might.
You feel very mighty all of a sudden. The adder barely misses you.
The adder bites you.
You die...

######.#######.####
#.#######.@................
[......ooS################.
.#####.### #o# #.# #.#
###o##### #.....o.#
.....#.###o# #.###.#.# #.#
# #.# #o# #.# #.# #.# #.#
... #.# #. ... ...


You could see an adder and 2 orcs.

Vanquished Creatures
  A dart slug (D:2)
  A leopard gecko (D:1)
  A ball python (D:1)
  3 goblins
  5 hobgoblins
  8 bats
  3 kobolds
  5 rats (D:1)
27 creatures vanquished.

Notes
Turn   | Place    | Note
-------+----------+-------------------------------------------
     0 | D:1      | ImaNewbie the High Elf Wizard began the quest for the Orb.
     0 | D:1      | Reached XP level 1. HP: 11/11 MP: 6/6
   314 | D:1      | Reached XP level 2. HP: 5/17 MP: 4/7
  1405 | D:2      | Found a blossoming altar of Fedhas.
  1875 | D:2      | Found an opulent altar of Gozag.
  1875 | D:2      | Found a faded altar of an unknown god.
  1881 | D:2      | Found a faded altar of an unknown god.
  1883 | D:2      | Found a faded altar of an unknown god.
  1884 | D:2      | Found a faded altar of an unknown god.
  2014 | D:3      | Learned a level 2 spell: Call Imp
  2170 | D:3      | Reached XP level 3. HP: 9/21 MP: 2/9
  2182 | D:3      | Slain by an adder

Skill      XL: |  1  2 |
---------------+-------+-----
Conjurations   | 2 3 |  3.2
Dodging        | |  2.1
Stealth        | |  2.1
Spellcasting   | |  3.6
Summonings     | |  0.8
Translocations | |  1.1

Action                   || total
-------------------------++-------
Melee: Whip              ||    25
 Cast: Magic Dart        ||    46
  Use: Potion            ||     1
 Stab: Sleeping          ||     1
  Eat: Chunk             ||     3
Armor: Robe              ||     7
Dodge: Dodged            ||    15
